Map: [ESL] Data-C

Players

PiLiPiLi - Winner!

  • Race: Protoss Protoss
  • Spawn Location: 3:00

Ukko

  • Race: Zerg Zerg
  • Spawn Location: 9:00

Event: DreamHack SC2 Masters 2022 Atlanta (Online)

VOD

Have the link to the VOD?

Description

Time

  • Played on: Oct. 9, 2022, 2:48 p.m.
  • Length: 12:40

All games in this series

Show
View Real Time Build Order
Export as new Build Order

PiLiPiLi Protoss - Winner!

Build Orders: 1 Gate Expand, Oracle Opening, Carriers 

Get SALT Encoding   

  12  0:00  Probe  
  13  0:12  Probe  
  14  0:19  Pylon  
  14  0:25  Probe  
  15  0:37  Probe (Chrono Boost)  
  15  0:41  Gateway  
  16  0:47  Probe (Chrono Boost)  
  17  0:50  Assimilator  
  17  0:52  Probe (Chrono Boost)  
  18  1:04  Probe  
  19  1:16  Probe  
  20  1:28  Nexus  
  20  1:39  Cybernetics Core  
  20  1:42  Probe  
  21  1:49  Assimilator  
  21  1:54  Probe  
  21  1:58  Pylon  
  22  2:06  Probe  
  23  2:13  Adept (Chrono Boost)  
  23  2:18  Probe  
  23  2:21  Stargate  
  26  2:29  Warp Gate  
  26  2:30  Probe  
  26  2:33  Adept (Chrono Boost)  
  29  2:40  Probe  
  29  2:42  Probe  
  31  2:52  Probe  
  31  2:53  Adept (Chrono Boost)  
  31  2:54  Probe  
  34  3:02  Oracle (Chrono Boost)  
  34  3:04  Probe  
  38  3:11  Gateway  
  38  3:13  Probe  
  38  3:17  Probe  
  40  3:24  Pylon  
  40  3:25  Probe  
  41  3:39  Probe  
  41  3:40  Void Ray (Chrono Boost)  
  46  3:42  Probe  
  47  3:51  Probe  
  47  3:54  Probe  
  45  4:03  Probe  
  45  4:04  Gateway  
  45  4:06  Probe  
  47  4:10  Pylon  
  47  4:15  Probe  
  48  4:18  Adept x2, Probe  
  53  4:27  Probe  
  53  4:30  Probe  
  55  4:39  Adept x2, Probe  
  55  4:43  Probe, Pylon  
  61  4:46  Nexus, Pylon  
  61  4:49  Pylon  
  61  4:54  Probe  
  61  4:57  Assimilator  
  62  5:01  Probe, Assimilator, Pylon  
  62  5:06  Adept  
  62  5:07  Adept x2  
  69  5:13  Probe  
  70  5:14  Shield Battery  
  70  5:15  Probe  
  71  5:25  Probe  
  71  5:26  Fleet Beacon  
  72  5:37  Probe (Chrono Boost)  
  72  5:39  Probe (Chrono Boost)  
  74  5:46  Stargate x2  
  74  5:49  Probe (Chrono Boost)  
  75  5:52  Probe (Chrono Boost)  
  72  5:57  Probe x2 (Chrono Boost)  
  72  5:59  Adept x3  
  72  6:00  Probe (Chrono Boost)  
  71  6:05  Probe  
  71  6:06  Probe  
  79  6:12  Probe  
  79  6:16  Forge  
  79  6:17  Probe  
  81  6:18  Carrier (Chrono Boost)  
  81  6:21  Probe  
  81  6:24  Shield Battery  
  82  6:27  Adept  
  82  6:28  Adept, Probe  
  82  6:30  Probe  
  88  6:34  Probe  
  88  6:37  Assimilator  
  88  6:39  Carrier (Chrono Boost)  
  95  6:42  Assimilator  
  95  6:44  Pylon  
  95  6:50  Carrier (Chrono Boost)  
  95  6:52  Pylon  
  95  6:55  Photon Cannon  
  95  7:00  Probe x2  
  95  7:01  Probe  
  104  7:02  Zealot  
  106  7:11  Shield Battery  
  106  7:13  Photon Cannon  
  112  7:19  Pylon  
  112  7:20  Pylon  
  112  7:21  Carrier (Chrono Boost)  
  112  7:28  Carrier (Chrono Boost)  
  118  7:41  Nexus  
  118  7:42  Pylon  
  118  7:43  Pylon  
  121  8:01  Twilight Council  
  121  8:03  Protoss Ground Weapons Level 1, Carrier (Chrono Boost)  
  121  8:07  Probe x3  
  121  8:10  Protoss Air Weapons Level 1 (Chrono Boost)  
  121  8:12  Shield Battery  
  124  8:15  Photon Cannon  
  124  8:19  Probe  
  123  8:24  Probe x2  
  125  8:31  Photon Cannon, Probe  
  132  8:34  Carrier (Chrono Boost)  
  132  8:35  Gateway x2  
  138  8:43  Charge  
  138  8:46  Carrier (Chrono Boost)  
  138  8:50  Probe x2  
  140  8:59  Carrier (Chrono Boost)  
  140  9:07  Gateway  
  140  9:08  Gateway  
  146  9:10  Templar Archives, Assimilator  
  146  9:11  Assimilator  
  144  9:22  Photon Cannon  
  144  9:26  Oracle (Chrono Boost)  
  144  9:27  Zealot x2  
  144  9:28  Zealot  
  153  9:37  Void Ray (Chrono Boost), Flux Vanes  
  157  9:39  Zealot x2  
  161  9:51  Pylon  
  161  9:52  Pylon  
  165  9:53  Void Ray (Chrono Boost), Pylon  
  165  9:56  Pylon  
  165  9:58  Pylon  
  169  10:02  Void Ray (Chrono Boost)  
  169  10:11  High Templar  
  169  10:12  Zealot x2, High Templar  
  169  10:13  Zealot x3  
  181  10:17  Archon  
  181  10:22  Robotics Facility  
  185  10:28  Void Ray (Chrono Boost)  
  185  10:37  Zealot x5  
  195  10:44  Zealot x2  
  183  11:05  Zealot x4  
  183  11:07  Void Ray x2  
  183  11:08  Void Ray  
  179  11:13  Immortal (Chrono Boost)  
  179  11:15  High Templar x2  
  179  11:16  Zealot  
  189  11:19  Archon  
  189  11:31  Zealot  
  189  11:32  Zealot x3  
  161  11:50  Void Ray  
  161  11:51  Zealot x2  
  161  11:52  Zealot x5  
  157  12:00  Void Ray x2  
  143  12:15  Zealot x2  
  143  12:16  Zealot x4  
  143  12:20  Photon Cannon  
Show
View Real Time Build Order
Export as new Build Order

Ukko Zerg 

Build Orders: Hatch First 

Get SALT Encoding   

  12  0:00  Drone  
  13  0:12  Overlord  
  13  0:17  Drone  
  14  0:30  Drone x2  
  16  0:48  Hatchery  
  15  0:51  Drone  
  15  0:55  Drone  
  17  0:59  Drone  
  18  1:07  Extractor  
  17  1:15  Spawning Pool  
  16  1:19  Drone  
  16  1:22  Drone  
  18  1:28  Drone  
  19  1:38  Drone  
  20  1:48  Overlord  
  20  2:01  Queen x2  
  20  2:02  Zergling x2  
  20  2:03  Zergling x2  
  26  2:08  Metabolic Boost  
  26  2:13  Drone  
  27  2:17  Drone  
  28  2:24  Drone x2  
  30  2:32  Drone x2  
  32  2:37  Queen  
  34  2:52  Hatchery  
  34  2:55  Overlord  
  33  2:59  Zergling x4  
  33  3:01  Zergling x2  
  36  3:13  Zergling x2, Queen  
  36  3:17  Drone x3  
  42  3:22  Drone x2  
  44  3:28  Overlord  
  44  3:31  Spore Crawler  
  43  3:37  Drone  
  43  3:55  Drone x7  
  48  4:05  Queen x2  
  48  4:06  Queen  
  48  4:09  Drone x2  
  56  4:13  Spore Crawler  
  56  4:15  Drone  
  56  4:17  Overlord  
  56  4:20  Overlord  
  53  4:35  Drone  
  53  4:36  Drone x4  
  53  4:37  Overlord  
  58  4:39  Drone  
  58  4:40  Drone x3  
  58  4:45  Drone  
  63  4:49  Overlord x2  
  63  4:50  Overlord  
  62  4:55  Roach Warren  
  61  5:04  Overlord  
  61  5:05  Zergling x8  
  65  5:10  Drone x5  
  70  5:15  Extractor  
  70  5:19  Drone x2, Overlord  
  70  5:20  Overlord  
  70  5:21  Overlord  
  72  5:28  Zergling x6  
  72  5:33  Zergling x12  
  80  5:39  Roach  
  80  5:45  Roach x3  
  80  5:49  Lair  
  86  5:55  Drone x4  
  84  5:58  Drone x2  
  84  6:01  Drone  
  84  6:04  Drone x2  
  88  6:08  Evolution Chamber  
  88  6:10  Drone x3  
  90  6:13  Drone x2  
  90  6:15  Drone x2  
  92  6:25  Evolution Chamber  
  90  6:26  Hatchery  
  90  6:32  Queen x2  
  93  6:33  Overlord  
  93  6:35  Extractor  
  93  6:37  Zerg Ground Armor Level 1  
  93  6:39  Drone x2  
  94  6:44  Drone x4  
  97  6:50  Drone x3  
  97  6:51  Drone x4  
  97  6:52  Spore Crawler  
  103  6:54  Zerg Melee Weapons Level 1  
  103  6:59  Glial Reconstitution, Extractor  
  103  7:00  Extractor  
  101  7:01  Queen  
  101  7:05  Extractor  
  101  7:06  Spore Crawler  
  101  7:08  Spore Crawler, Drone  
  102  7:09  Spore Crawler  
  100  7:16  Drone x9  
  100  7:22  Queen x2  
  111  7:26  Infestation Pit  
  111  7:29  Drone x5  
  117  7:32  Overseer  
  116  7:40  Spire  
  116  7:43  Spore Crawler, Drone x7  
  121  7:55  Spore Crawler  
  120  7:58  Drone x4  
  120  7:59  Spore Crawler x2, Drone x3  
  120  8:01  Drone x2, Extractor  
  120  8:02  Extractor  
  120  8:03  Hive  
  120  8:04  Overlord  
  125  8:07  Overlord  
  125  8:15  Spore Crawler  
  125  8:16  Spore Crawler  
  125  8:18  Overlord x4  
  121  8:22  Pneumatized Carapace  
  121  8:24  Queen x2  
  121  8:28  Roach x2  
  125  8:34  Roach x5  
  135  8:48  Zerg Ground Armor Level 2  
  135  8:49  Zerg Melee Weapons Level 2  
  145  8:56  Hatchery  
  145  8:59  Zergling x32  
  150  9:08  Queen x2, Zerg Flyer Armor Level 1  
  150  9:09  Queen  
  156  9:20  Roach x6  
  156  9:21  Overlord x3  
  168  9:26  Ultralisk Cavern  
  168  9:28  Adrenal Glands  
  167  9:36  Overlord x3  
  167  9:45  Overlord  
  167  9:47  Burrow  
  166  10:13  Chitinous Plating  
  166  10:14  Ultralisk x4  
  190  10:26  Drone x5  
  195  10:40  Corruptor x4  
  189  10:52  Zergling x2, Ultralisk  
  187  11:01  Corruptor x3  
  169  11:04  Corruptor  
  169  11:10  Corruptor  
  151  11:15  Corruptor  
  151  11:17  Zergling x58  
  151  11:18  Zergling x16  
  173  11:23  Corruptor  
  166  11:32  Corruptor  
  160  11:40  Zergling x10  
  160  11:41  Zergling x6  
  160  11:46  Spore Crawler  
  154  11:48  Spore Crawler x2  
  154  11:49  Spore Crawler, Corruptor  
  154  11:50  Spore Crawler x2  
  137  12:01  Extractor x2  
  137  12:02  Drone x2  
  137  12:03  Drone x2  
  132  12:14  Spire  
  132  12:15  Spore Crawler x2  
  118  12:16  Spore Crawler  
  118  12:17  Spore Crawler  
Tags
 
Add a new tag
Caveats
  • Supply blocks, unpowered buildings, or Contaminate may cause inaccurate times.
  • Supply counts are checked every 10 seconds.